AoeStats
← luisvideorock

Arabia

509245699Analyzed
2v2 RM · 7d ago on Sep 26, 2026· 41m 22s· 4 players
Game mode
Random Map
Map size
Medium (4 player)
Population
200
Speed
Normal
Resources
Standard
Victory
Conquest
Starting age
Dark Age
Ending age
Imperial Age
RankedLock teamsTeams togetherTeam positionsShared explorationLock speedFull tech treeHidden civsTurbo modeCheats
Victory
Defeat
🇲🇽 Mongols · Mexico
892
+17
🇲🇽 Vikings · Mexico
873
+17
🇨🇱 Sicilians · Chile
913
-17
🇨🇱 Varangians · Chile
910
-17
luisvideorock
5:22 Loom
11:29 Feudal Age
11:37 Man-at-Arms
14:10 Forging
14:01 Scale Mail Armor
21:35 Castle Age
21:24 Stone Mining
jlcal100
7:32 Loom
9:55 Feudal Age
10:40 Double-Bit Axe
10:36 Horse Collar
17:00 Town Watch
21:01 Castle Age
18:57 Gold Mining
20:29 Fletching
20:39 Padded Archer Armor
22:09 Thumb Ring
24:43 Gold Shaft Mining
24:21 Bow Saw
24:13 Heavy Plow
24:50 Husbandry
25:38 Bodkin Arrow
34:00 Murder Holes
34:27 Ballistics
35:04 Town Patrol
39:29 Imperial Age
40:38 Bloodlines
40:45 Leather Archer Armor
Imprevisto
6:23 Loom
9:58 Feudal Age
14:54 Wheelbarrow
22:17 Arson
22:40 Scale Mail Armor
24:25 Horse Collar
29:33 Castle Age
30:43 Chain Mail Armor
31:56 Fletching
32:47 Forging
32:35 Bodkin Arrow
34:11 Forging
34:26 Squires
34:12 Gambesons
38:28 Hand Cart
39:11 Iron Casting
Beto Letelier
5:57 Loom
11:05 Feudal Age
12:42 Double-Bit Axe
18:05 Horse Collar
19:11 Bloodlines
25:09 Castle Age
28:13 Husbandry
34:40 Elite Skirmisher
36:04 Wheelbarrow
36:44 Ballistics
37:11 Bow Saw
39:06 Gold Mining
39:25 Padded Archer Armor
39:18 Fletching
41:00 Leather Archer Armor
Connection lost

Rejoining the realm…

Still unreachable

The connection could not be restored.

Session expired

The server has moved on; the page needs a fresh start.